 Dungeon Crawl Stone Soup version 0.21.1-1-g345015fe64 (webtiles) character file.

42 Revguard the Sneak (level 3, -1/19 HPs)
             Began as a Deep Elf Ice Elementalist on June 17, 2018.
             Slain by a worm (2 damage)
             ... on level 2 of the Dungeon.
             The game lasted 00:09:05 (1055 turns).

Revguard the Sneak (Deep Elf Ice Elementalist)      Turns: 1055, Time: 00:09:06

Health: -1/19      AC:  2    Str:  5    XL:     3   Next: 33%
Magic:  1/9        EV: 13    Int: 20    God:
Gold:   58         SH:  0    Dex: 15    Spells: 2/8 levels left

rFire    . . .     SeeInvis .   j - +0 dagger
rCold    . . .     Gourm    .   (no shield)
rNeg     . . .     Faith    .   a - +0 robe
rPois    .         Spirit   .   (no helmet)
rElec    .         Reflect  .   (no cloak)
rCorr    .         Harm     .   (no gloves)
MR       .....                  (no boots)
Stlth    +++.......             (no amulet)
HPRegen  0.06/turn              (no ring)
MPRegen  0.11/turn              (no ring)

@: no status effects
A: no striking features
a: no special abilities


You were on level 2 of the Dungeon.
You were hungry.

You visited 1 branch of the dungeon, and saw 2 of its levels.

You collected 58 gold pieces.

Inventory:

Hand Weapons
 j - a +0 dagger (weapon)
Armour
 a - a +0 robe (worn)
Scrolls
 d - 3 scrolls of teleportation {unknown}
 f - a scroll of enchant weapon {unknown}
 g - a scroll of immolation {unknown}
 h - a scroll of enchant armour {unknown}
 i - 5 scrolls of identify {unknown}
 k - a scroll of fear {unknown}
Potions
 e - a potion of heal wounds {unknown}
 l - a potion of ambrosia {unknown}
 m - a potion of might {unknown}
 n - a potion of haste {unknown}
Books
 b - a book of Frost

   Spells                             Type                      Level
   a - Freeze                         Ice                          1
   b - Throw Frost                    Conjuration/Ice              2
   c - Ozocubu's Armour               Charms/Ice                   3
   d - Throw Icicle                   Conjuration/Ice              4
   e - Summon Ice Beast               Ice/Summoning                4
Comestibles
 c - 4 rations


   Skills:
 - Level 0.1 Short Blades
 - Level 2.6 Dodging
 * Level 4.7 Stealth
 - Level 3.0 Spellcasting
 - Level 1.1 Conjurations
 - Level 3.3 Ice Magic


You had 2 spell levels left.
You knew the following spells:

 Your Spells              Type           Power        Failure   Level  Hunger
a - Freeze                Ice            ###.         3%          1    None
b - Throw Frost           Conj/Ice       ##....       9%          2    ##.....
c - Ozocubu's Armour      Chrm/Ice       #.......     22%         3    ###....


Dungeon Overview and Level Annotations

Branches:
Dungeon (2/15)

Altars:

Annotations:
D:2 Robin


Message History

Aim: a worm The puff of frost hits the worm.
The worm is moderately wounded. 3 goblins and 2 hobgoblins come into view.
Found 26 stones and an encrusted pearl ring.
The helpless hobgoblin fails to defend itself.
You puncture the hobgoblin!
You kill the hobgoblin!
A rat, a jackal, 2 goblins and Robin come into view.
The jackal barks!
The goblin shouts!
Robin shouts!
The hobgoblin shouts!
The goblin shouts! x2; You hear a shout! x3
The jackal moves out of view.
The goblin hits you with a dagger.
* * * LOW HITPOINT WARNING * * *
Robin roars a battlecry!
The goblins go into a battle-frenzy!
Found a ring mail.
Things that are here:
a club; a hobgoblin corpse The worm bites you.
You die...

#####.#
......###########
.####..†...>w...#
.# ###########.#
.####### #.#
.......# #.#
.#####.# #.#
..####.# #.###
......... #.@.#
..####.##..####w#g#
.## #.#....g)gg..#
.# #.#.###g###..#
.# #.# #g(. #..#
.#####.#.##rg #.##
(...)....#.gg #.#
######...#### #.#
#....... ..#


You could see a worm, a hobgoblin and 4 goblins.

Vanquished Creatures
  6 bats
  4 giant cockroaches
  6 hobgoblins
  2 jackals (D:1)
  6 kobolds
  3 ball pythons
  2 frilled lizards (D:1)
  4 goblins (D:1)
  7 rats
40 creatures vanquished.

Notes
Turn   | Place    | Note
-------+----------+-------------------------------------------
     0 | D:1      | Revguard the Deep Elf Ice Elementalist began the quest for the Orb.
     0 | D:1      | Reached XP level 1. HP: 10/10 MP: 6/6
   261 | D:1      | Reached skill level 3 in Stealth
   270 | D:1      | Reached XP level 2. HP: 12/15 MP: 4/8
   365 | D:1      | Learned a level 2 spell: Throw Frost
   399 | D:1      | Reached skill level 4 in Stealth
   765 | D:1      | Reached XP level 3. HP: 19/19 MP: 6/9
   907 | D:2      | Learned a level 3 spell: Ozocubu's Armour
  1050 | D:2      | Noticed Robin
  1055 | D:2      | Slain by a worm

Skill      XL: |  1  2 |
---------------+-------+-----
Stealth        | 3 4 |  4.7
Short Blades   | |  0.1
Dodging        | |  2.6
Spellcasting   | |  3.0
Conjurations   | |  1.1
Ice Magic      | |  3.3

Action                   || total
-------------------------++-------
Melee: Unarmed           ||     1
       Dagger            ||    27
 Cast: Freeze            ||    37
       Throw Frost       ||    13
 Stab: Sleeping          ||     4
Armor: Robe              ||    11
Dodge: Dodged            ||    49
